 Dungeon Crawl Stone Soup version 0.28.0-53-g5a82cb258f (webtiles) character file.

Game seed: 13463187758651932064

36 MajorAdolf the Skirmisher (level 3, 0/36 HPs)
             Began as a Naga Wanderer on July 12, 2022.
             Slain by an adder (4 damage)
             ... on level 1 of the Dungeon.
             The game lasted 00:03:17 (1240 turns).

MajorAdolf the Skirmisher (Naga Wanderer)           Turns: 1240, Time: 00:03:18

Health: 0/36       AC:  3    Str: 14    XL:     3   Next: 37%
Magic:  3/3        EV:  8    Int: 11    God:
Gold:   69         SH:  0    Dex: 13    Spells: 2/2 levels left

rFire   . . .      SeeInvis +   a - +3 shortbow
rCold   . . .      Faith    .   (shield currently unavailable)
rNeg    . . .      Spirit   .   c - +0 ring mail
rPois   +          Reflect  .   (no helmet)
rElec   .          Harm     .   (no cloak)
rCorr   .          Rampage  .   (no gloves)
Will    .....                   (no barding)
Stlth   +.........              (no amulet)
HPRegen 0.12/turn               (no ring)
MPRegen 0.08/turn               (no ring)

@: short of breath, very slow
A: AC +1, large, see invisible, deformed body, poison resistance, slowness 2,
spit poison 1, naga tail 1
a: Spit Poison


You were on level 1 of the Dungeon.
You visited 1 branch of the dungeon, and saw 2 of its levels.

You collected 69 gold pieces.

Inventory:

Hand Weapons
 a - a +3 shortbow (weapon)
Missiles
 b - 52 arrows (quivered ammo)
Armour
 c - a +0 ring mail (worn)
Scrolls
 d - a scroll of vulnerability {unknown}
 e - a scroll of amnesia {unknown}
Potions
 f - a potion of curing {unknown}


   Skills:
 + Level 3.7 Fighting
 - Level 3.6 Bows
 - Level 1.5 Armour
 - Level 1.0 Dodging
 - Level 1.5 Stealth


You had 2 spell levels left.
You didn't know any spells.
Your spell library contained the following spells:

 Spells                   Type           Power      Damage    Failure   Level
 Ensorcelled Hibernation  Hex/Ice        0%         N/A       73%         2
 Spider Form              Tmut/Pois      0%         N/A       91%         3
 Anguish                  Hex/Necr       0%         N/A       100%        4


Dungeon Overview and Level Annotations

Branches:
Dungeon (2/15)

Altars:

Annotations:
D:2 Sigmund


Innate Abilities, Weirdness & Mutations

Your serpentine skin is tough. (AC +1)
You have supernaturally acute eyesight. (SInv)
Armour fits poorly on your strangely shaped body.
Your system is resistant to poisons. (rPois)
You cover ground very slowly.
You can spit poison.
You have a snake-like lower body.


Message History

Sigmund flickers and vanishes for a moment.
The adder bites you but does no damage. The adder closely misses you.
Unknown command.
The adder bites you. Sigmund hits you but does no damage.
Unknown command.
The adder bites you.
* * * LOW HITPOINT WARNING * * *
The adder bites you.
* * * LOW HITPOINT WARNING * * *
Unknown command.
The adder bites you.
* * * LOW HITPOINT WARNING * * *
Sigmund screams, "I am the angel of ZOT!!!"
Unknown command.
Unknown command.
The adder barely misses you.
Sigmund is suddenly surrounded by pale blue light.
The adder barely misses you. The adder barely misses you.
There is a stone staircase leading up here.
Unknown command.
The adder bites you but does no damage.
You climb upwards.
There is a stone staircase leading down here.
Unknown command.
Unknown command.
Aiming: Spit Poison (2% risk of failure)
Press: ? - help, Shift-Dir - straight line, f - adder
Aim: an adder (severely wounded, 37% to hit)
The splash of poison misses the adder.
The adder bites you.
* * * LOW HITPOINT WARNING * * *
Unknown command.
You are too injured to fight recklessly!
Fire: 53 arrows
Press: ? - help, Q - select action, (/) - cycle Shift-Dir - straight line, f/p - adder
Aim: an adder (severely wounded, 46% to hit)
You shoot an arrow. The arrow misses the adder.
The adder bites you.
You die...

###### .....# ####.#
##### # ##.#######
#...######
###........#
#........#
.......###.########
#...####.#
###..[............###
##.## #.#
##.....###.####.@...#
#.# #.# ###...## #.#
##.#S#.# #.# ##.#
.....#####.# #....#.#
#.# #... ###........#
#..###.# #.# #...
##..###### #......#
##.## #... ###.#
#.###### #...# ####
##.#.# #.# #...#
##..#<### #.# #...###
#...#>#.## ##.##
####.##.##


You could see an adder.

Vanquished Creatures
  2 dart slugs (D:1)
  4 endoplasms
  A giant cockroach (D:1)
  2 goblins (D:1)
  5 hobgoblins (D:1)
  3 jackals (D:1)
  3 kobolds (D:1)
  A quokka (D:2)
  3 ball pythons (D:1)
  3 bats
  A rat (D:1)
28 creatures vanquished.

Notes
Turn   | Place    | Note
-------+----------+-------------------------------------------
     0 | D:1      | MajorAdolf the Naga Wanderer began the quest for the Orb.
     0 | D:1      | MajorAdolf set off with the following items: a +3 shortbow,
                  | 20 arrows, a +0 ring mail
     0 | D:1      | Reached XP level 1. HP: 19/19 MP: 1/1
    75 | D:1      | Reached XP level 2. HP: 23/27 MP: 2/2
   531 | D:1      | Reached XP level 3. HP: 34/34 MP: 3/3
   832 | D:1      | Found a faded altar of an unknown god.
  1215 | D:2      | Noticed Sigmund
  1240 | D:1      | Slain by an adder

Illustrated notes

Levels and vault maps discovered:
D:1:      dpeg_arrival_tiny_i, layout_loops_corners,
          ebering_ecumenical_altar_mist
D:2:      layout_basic, serial_shops, nicolae_shop_hallway_plus, uniq_terence,
          uniq_sigmund

Skill      XL: |  1  2 |
---------------+-------+-----
Fighting       | 3 |  3.7
Bows           | |  3.6
Armour         | |  1.5
Dodging        | |  1.0
Stealth        | |  1.5

Action                   || total
-------------------------++-------
 Fire: Shortbow          ||    61
 Abil: Spit Poison       ||    12
Armor: Ring mail         ||     7
Dodge: Dodged            ||    17
